MID
QUAD CITIES RIVER BANDITS @ CEDAR RAPIDS KERNELS
08/03/2047
 
TOP OF THE 1ST
Quad Cities River Bandits batting - Pitching for Cedar Rapids Kernels : RHP Chad Casey
Pitching: RHP Chad Casey
Batting: RHB Reginald McDougall 0-0: Ball
1-0: Called Strike
1-1: Ball
2-1: Foul Ball, location: 2F
2-2: Ball
3-2: Ground out 5-3 (Groundball, 56, EV 78.1 MPH)
Batting: LHB Danny Wolver 0-0: Ball
1-0: Fly out, F6 (Popup, 6, EV 80.0 MPH)
Batting: RHB Bobby Larson 0-0: Called Strike
0-1: Ball
1-1: Foul Ball, location: 2F
1-2: Foul Ball, location: 2F
1-2: Foul Ball, location: 2F
1-2: Ball
2-2: Ball
3-2: Ground out 5-3 (Groundball, 56S, EV 67.5 MPH)
Top of the 1st over - 0 runs, 0 hits, 0 errors, 0 left on base; Quad Cities 0 - Cedar Rapids 0
BOTTOM OF THE 1ST
Cedar Rapids Kernels batting - Pitching for Quad Cities River Bandits : RHP Muckle Wildriver
Pitching: RHP Muckle Wildriver
Batting: SHB Matt Urbani 0-0: Ball
1-0: Swinging Strike
1-1: Foul Ball, location: 2F
1-2: Strikes out swinging
Batting: RHB John Dew 0-0: Ball
1-0: Ball
2-0: Foul Ball, location: 2F
2-1: Ball
3-1: Called Strike
3-2: Foul Ball, location: 2F
3-2: Foul Ball, location: 2F
3-2: Foul Ball, location: 2F
3-2: Base on Balls
Batting: RHB Ryan Gautney 0-0: Ball
John Dew steals 2nd base (no throw)
1-0: Swinging Strike
1-1: Called Strike
1-2: Foul Ball, location: 2F
1-2: Ground out 6-3 (Groundball, 4M, EV 92.5 MPH)
John Dew to third
Batting: LHB David Campbell 0-0: Called Strike
0-1: Swinging Strike
0-2: Strikes out swinging
Bottom of the 1st over - 0 runs, 0 hits, 0 errors, 1 left on base; Quad Cities 0 - Cedar Rapids 0
TOP OF THE 2ND
Quad Cities River Bandits batting - Pitching for Cedar Rapids Kernels : RHP Chad Casey
Batting: RHB Adrian Martinelli 0-0: SINGLE (Line Drive, 6M, EV 96.2 MPH)
Batting: RHB Alex Campos 0-0: Swinging Strike
0-1: Fly out, F9 (Flyball, 89S, EV 93.1 MPH)
Batting: RHB Matthew Adams 0-0: Ball
1-0: Grounds into double play, 6-4-3 (Groundball, 6S, EV 88.8 MPH)
Top of the 2nd over - 0 runs, 1 hit, 0 errors, 0 left on base; Quad Cities 0 - Cedar Rapids 0
BOTTOM OF THE 2ND
Cedar Rapids Kernels batting - Pitching for Quad Cities River Bandits : RHP Muckle Wildriver
Batting: SHB Manny Molina 0-0: Swinging Strike
0-1: Called Strike
0-2: Ball
1-2: Foul Ball, location: 2F
1-2: Fly out, F9 (Flyball, 9S, EV 83.8 MPH)
Batting: RHB Tony Crespo 0-0: Called Strike
0-1: Foul Ball, location: 2F
0-2: Foul Ball, location: 2F
0-2: Ball
1-2: DOUBLE (Line Drive, 9LM, EV 109.4 MPH)
Batting: LHB Yasutoshi Hayashi 0-0: Foul Ball, location: 2F
0-1: Ball
Wild Pitch!
Tony Crespo to third
1-1: Ball
2-1: Ball
3-1: Called Strike
3-2: Ground out 6-3 (Groundball, 56, EV 81.2 MPH)
Tony Crespo scores
Batting: RHB Nick Phipps 0-0: Foul Ball, location: 2F
0-1: Foul Ball, location: 2F
0-2: SINGLE (Groundball, 56S, EV 74.4 MPH) (infield hit)
Batting: RHB Rick Kendall 0-0: Called Strike
0-1: Called Strike
Nick Phipps steals 2nd base
0-2: Ball
1-2: Strikes out swinging
Bottom of the 2nd over - 1 run, 2 hits, 0 errors, 1 left on base; Quad Cities 0 - Cedar Rapids 1
TOP OF THE 3RD
Quad Cities River Bandits batting - Pitching for Cedar Rapids Kernels : RHP Chad Casey
Batting: RHB Erik Smith 0-0: Ball
1-0: Called Strike
1-1: Ball
2-1: Ground out 6-3 (Groundball, 6, EV 79.4 MPH)
Batting: RHB Kieron Clark 0-0: Called Strike
0-1: Fly out, F6 (Popup, P, EV 89.4 MPH)
Batting: RHB Jason Monico 0-0: Foul Ball, location: 2F
0-1: Ball
1-1: Ball
2-1: Ball
3-1: Base on Balls
Batting: RHB Reginald McDougall 0-0: Foul Ball, location: 2F
0-1: Swinging Strike
0-2: Ball
1-2: Foul Ball, location: 2F
1-2: Strikes out swinging
Top of the 3rd over - 0 runs, 0 hits, 0 errors, 1 left on base; Quad Cities 0 - Cedar Rapids 1
BOTTOM OF THE 3RD
Cedar Rapids Kernels batting - Pitching for Quad Cities River Bandits : RHP Muckle Wildriver
Batting: SHB Matt Urbani 0-0: Ball
1-0: Ball
2-0: Ball
3-0: Base on Balls
Batting: RHB John Dew 0-0: Ground out 4-3 (Groundball, 4, EV 84.4 MPH)
Matt Urbani to second
Batting: RHB Ryan Gautney 0-0: Ball
1-0: Ball
2-0: Swinging Strike
2-1: Swinging Strike
2-2: Ball
3-2: Foul Ball, location: 2F
3-2: Strikes out swinging
Batting: LHB David Campbell 0-0: Foul Ball, location: 2F
0-1: Ground out 4-3 (Groundball, 34, EV 85.6 MPH)
Bottom of the 3rd over - 0 runs, 0 hits, 0 errors, 1 left on base; Quad Cities 0 - Cedar Rapids 1
TOP OF THE 4TH
Quad Cities River Bandits batting - Pitching for Cedar Rapids Kernels : RHP Chad Casey
Batting: LHB Danny Wolver 0-0: Called Strike
0-1: Ball
1-1: Ball
2-1: SINGLE (Line Drive, 4M, EV 106.9 MPH)
Batting: RHB Bobby Larson 0-0: Called Strike
0-1: Ball
1-1: Ball
2-1: Foul Ball, location: 2F
2-2: Foul Ball, location: 2F
2-2: Ball
3-2: Base on Balls
Danny Wolver to second
Batting: RHB Adrian Martinelli 0-0: Called Strike
0-1: Ball
Danny Wolver steals 3rd base
1-1: Fielders Choice at 2nd, 2-4 (Groundball, 2L, EV 61.2 MPH)
Batting: RHB Alex Campos 0-0: Called Strike
0-1: Ball
1-1: Swinging Strike
1-2: Ball
2-2: Foul Ball, location: 2F
2-2: Ball
3-2: Fly out, F3 (Popup, 3L, EV 68.1 MPH)
Batting: RHB Matthew Adams 0-0: Ball
1-0: Ball
2-0: Called Strike
2-1: Fly out, F7 (Line Drive, 7, EV 90.6 MPH)
Top of the 4th over - 0 runs, 1 hit, 0 errors, 2 left on base; Quad Cities 0 - Cedar Rapids 1
BOTTOM OF THE 4TH
Cedar Rapids Kernels batting - Pitching for Quad Cities River Bandits : RHP Muckle Wildriver
Batting: SHB Manny Molina 0-0: Ball
1-0: Ball
2-0: Ball
3-0: Base on Balls
Batting: RHB Tony Crespo 0-0: Ball
Manny Molina steals 2nd base
1-0: Ball
2-0: Called Strike
2-1: Ground out 1-3 (Groundball, 13, EV 71.9 MPH)
Manny Molina to third
Batting: LHB Yasutoshi Hayashi 0-0: Ball
1-0: Ball
2-0: Ball
3-0: Base on Balls
Batting: RHB Nick Phipps 0-0: Ball
1-0: Grounds into double play, 6-4-3 (Groundball, 56, EV 80.0 MPH)
Bottom of the 4th over - 0 runs, 0 hits, 0 errors, 1 left on base; Quad Cities 0 - Cedar Rapids 1
TOP OF THE 5TH
Quad Cities River Bandits batting - Pitching for Cedar Rapids Kernels : RHP Chad Casey
Batting: RHB Erik Smith 0-0: Ball
1-0: Hit by Pitch
Batting: RHB Kieron Clark 0-0: Ball
1-0: Ball
2-0: Ball
3-0: Called Strike
3-1: Fielders Choice at 2nd, 5-4 (Groundball, 5, EV 90.0 MPH)
Batting: RHB Jason Monico 0-0: Ball
1-0: SINGLE (Flyball, 6MD, EV 90.0 MPH)
Kieron Clark to second
Batting: RHB Reginald McDougall 0-0: Grounds into double play, 5-4-3 (Groundball, 56S, EV 91.2 MPH)
Top of the 5th over - 0 runs, 1 hit, 0 errors, 1 left on base; Quad Cities 0 - Cedar Rapids 1
BOTTOM OF THE 5TH
Cedar Rapids Kernels batting - Pitching for Quad Cities River Bandits : RHP Muckle Wildriver
Batting: RHB Rick Kendall 0-0: Swinging Strike
0-1: Foul Ball, location: 2F
0-2: SINGLE (Groundball, 6MD, EV 110.0 MPH)
Batting: SHB Matt Urbani 0-0: Called Strike
0-1: Ball
1-1: Fielders Choice at 2nd, 4-6 (Groundball, 4, EV 83.8 MPH)
Batting: RHB John Dew 0-0: Ball
Matt Urbani is caught stealing 2nd base 2-4
1-0: Ground out 4-3 (Groundball, 4, EV 82.5 MPH)
Bottom of the 5th over - 0 runs, 1 hit, 0 errors, 0 left on base; Quad Cities 0 - Cedar Rapids 1
TOP OF THE 6TH
Quad Cities River Bandits batting - Pitching for Cedar Rapids Kernels : RHP Chad Casey
Batting: LHB Danny Wolver 0-0: Ground out 6-3 (Groundball, 6, EV 85.0 MPH)
Batting: RHB Bobby Larson 0-0: Called Strike
0-1: Ball
1-1: Fly out, F8 (Flyball, 8RXD, EV 88.1 MPH)
Batting: RHB Adrian Martinelli 0-0: Called Strike
0-1: Swinging Strike
0-2: Strikes out looking
Top of the 6th over - 0 runs, 0 hits, 0 errors, 0 left on base; Quad Cities 0 - Cedar Rapids 1
BOTTOM OF THE 6TH
Cedar Rapids Kernels batting - Pitching for Quad Cities River Bandits : RHP Muckle Wildriver
Batting: RHB Ryan Gautney 0-0: Called Strike
0-1: Ball
1-1: Ball
2-1: Called Strike
2-2: Ball
3-2: Foul Ball, location: 2F
3-2: Base on Balls
Batting: LHB David Campbell 0-0: Ball
1-0: Fielders Choice at 2nd, 4-6 (Groundball, 34, EV 92.5 MPH)
Batting: SHB Manny Molina 0-0: Ball
1-0: Called Strike
1-1: Hit by Pitch
David Campbell to second
Batting: RHB Tony Crespo 0-0: Called Strike
0-1: Swinging Strike
0-2: Ball
1-2: Ball
2-2: Ball
3-2: Base on Balls
David Campbell to third
Manny Molina to second
Batting: LHB Yasutoshi Hayashi 0-0: Ball
1-0: Foul Ball, location: 2F
1-1: Foul Ball, location: 2F
1-2: Ball
2-2: Strikes out looking
Batting: RHB Nick Phipps 0-0: Ball
1-0: Swinging Strike
1-1: Foul Ball, location: 2F
1-2: Ball
2-2: Foul Ball, location: 2F
2-2: Foul Ball, location: 2F
2-2: Strikes out looking
Bottom of the 6th over - 0 runs, 0 hits, 0 errors, 3 left on base; Quad Cities 0 - Cedar Rapids 1
TOP OF THE 7TH
Quad Cities River Bandits batting - Pitching for Cedar Rapids Kernels : RHP Chad Casey
Batting: RHB Alex Campos 0-0: Swinging Strike
0-1: Ball
1-1: Ball
2-1: Swinging Strike
2-2: Ball
3-2: Strikes out looking
Batting: RHB Matthew Adams 0-0: Ball
1-0: Ball
2-0: Called Strike
2-1: Ball
3-1: Called Strike
3-2: Strikes out looking
Batting: RHB Erik Smith 0-0: Ball
1-0: Ball
2-0: Called Strike
2-1: Ball
3-1: Base on Balls
Batting: RHB Kieron Clark 0-0: Foul Ball, location: 2F
0-1: Foul Ball, location: 2F
0-2: Ball
1-2: Foul Ball, location: 2F
1-2: Fly out, F9 (Line Drive, 89M, EV 103.8 MPH)
Top of the 7th over - 0 runs, 0 hits, 0 errors, 1 left on base; Quad Cities 0 - Cedar Rapids 1
BOTTOM OF THE 7TH
Cedar Rapids Kernels batting - Pitching for Quad Cities River Bandits : RHP Muckle Wildriver
Pitching: LHP Francisco de la Torre
Batting: RHB Rick Kendall 0-0: Ball
1-0: Ball
2-0: Ball
3-0: Base on Balls
Batting: SHB Matt Urbani 0-0: Swinging Strike
0-1: Ball
1-1: Ball
2-1: Ball
3-1: Base on Balls
Rick Kendall to second
Batting: RHB John Dew 0-0: Called Strike
0-1: Called Strike
0-2: Strikes out swinging
Batting: RHB Ryan Gautney 0-0: Called Strike
0-1: Ball
1-1: Swinging Strike
1-2: Ball
2-2: Strikes out swinging
Batting: LHB David Campbell 0-0: Fly out, F5 (Popup, 5F, EV 72.5 MPH)
Bottom of the 7th over - 0 runs, 0 hits, 0 errors, 2 left on base; Quad Cities 0 - Cedar Rapids 1
TOP OF THE 8TH
Quad Cities River Bandits batting - Pitching for Cedar Rapids Kernels : RHP Chad Casey
Pitching: RHP Steven Legge
Pinch Hitting: RHB Marty King 0-0: Called Strike
0-1: Ball
1-1: Foul Ball, location: 2F
1-2: Ground out 6-3 (Groundball, 6, EV 89.4 MPH)
Pinch Hitting: LHB Lou Toth 0-0: Foul Ball, location: 2F
0-1: Swinging Strike
0-2: Ball
1-2: Ball
2-2: Strikes out swinging
Batting: LHB Danny Wolver 0-0: SINGLE (Groundball, 5D, EV 101.9 MPH)
Batting: RHB Bobby Larson 0-0: Ball
1-0: Foul Ball, location: 2F
1-1: Ball
2-1: Fielders Choice at 2nd, 6-4 (Groundball, 6D, EV 85.0 MPH)
Top of the 8th over - 0 runs, 1 hit, 0 errors, 1 left on base; Quad Cities 0 - Cedar Rapids 1
BOTTOM OF THE 8TH
Cedar Rapids Kernels batting - Pitching for Quad Cities River Bandits : LHP Francisco de la Torre
Pitching: RHP Malachi Shelton
Now at 2B: Daigo Ishii
Now at SS: Kieron Clark
Now in CF: Lou Toth
Batting: SHB Manny Molina 0-0: Foul Ball, location: 2F
0-1: Ball
1-1: Called Strike
1-2: Ball
2-2: Foul Ball, location: 2F
2-2: Ball
3-2: SINGLE (Groundball, 34D, EV 96.2 MPH)
Batting: RHB Tony Crespo 0-0: Called Strike
0-1: Bunt missed!
0-2: Ball
1-2: Fielders Choice at 2nd, 6-4 (Groundball, 6, EV 92.5 MPH)
Batting: LHB Yasutoshi Hayashi 0-0: Swinging Strike
0-1: Ball
1-1: Ball
2-1: Fielders Choice at 2nd, U6 (Groundball, 4M, EV 104.4 MPH)
Batting: RHB Nick Phipps 0-0: Foul Ball, location: 2F
0-1: Foul Ball, location: 2F
0-2: Foul Ball, location: 2F
0-2: Ball
1-2: Ball
Yasutoshi Hayashi steals 2nd, throwing error, E2
Yasutoshi Hayashi to third
2-2: Ball
3-2: Foul Ball, location: 2F
3-2: Base on Balls
Batting: RHB Rick Kendall 0-0: Ground out 4-3 (Groundball, 34, EV 108.8 MPH)
Bottom of the 8th over - 0 runs, 1 hit, 1 error, 2 left on base; Quad Cities 0 - Cedar Rapids 1
TOP OF THE 9TH
Quad Cities River Bandits batting - Pitching for Cedar Rapids Kernels : RHP Steven Legge
Pitching: RHP Matt Lundy
Now in LF: Antonio Gutierrez
Batting: RHB Adrian Martinelli 0-0: Ball
1-0: Ball
2-0: Foul Ball, location: 2F
2-1: Ball
3-1: Swinging Strike
3-2: Foul Ball, location: 2F
3-2: Ground out 5-3 (Groundball, 5L, EV 101.2 MPH)
Batting: RHB Alex Campos 0-0: Called Strike
0-1: Ball
1-1: Fly out, F8 (Line Drive, 8RM, EV 103.1 MPH)
Batting: RHB Matthew Adams 0-0: Ball
1-0: Called Strike
1-1: Swinging Strike
1-2: Ball
2-2: Foul Ball, location: 2F
2-2: Ball
3-2: Foul Ball, location: 2F
3-2: Ground out 5-3 (Groundball, 56, EV 82.5 MPH)
Top of the 9th over - 0 runs, 0 hits, 0 errors, 0 left on base; Quad Cities 0 - Cedar Rapids 1
Thursday, December 15th , 2022 - OOTP Baseball 23.9 Build 102